 Dungeon Crawl Stone Soup version 0.28-a0-779-g3d1f99b579 (webtiles) character file.

Game seed: 2188219499720529216

543 horus123 the Covert (level 7, -9/41 HPs)
             Began as a Kobold Brigand on Nov 3, 2021.
             Killed by divine providence
             ... invoked by an orc priest
              (14 damage)
             ... on level 4 of the Dungeon.
             The game lasted 00:07:09 (3739 turns).

horus123 the Covert (Kobold Brigand)                Turns: 3739, Time: 00:07:09

Health: -9/41      AC:  4    Str:  8    XL:     7   Next: 52%
Magic:  7/7        EV: 15    Int: 12    God:
Gold:   233        SH:  0    Dex: 19    Spells: 6/6 levels left

rFire   . . .      SeeInvis .   k - +2 dagger (venom)
rCold   . . .      Faith    .   (shield restricted)
rNeg    . . .      Spirit   .   b - +0 robe
rPois   .          Reflect  .   (no helmet)
rElec   .          Harm     .   c - +0 cloak
rCorr   .          Rampage  .   (no gloves)
Will    .....                   m - +0 pair of boots {Stlth+}
Stlth   +++++++...              (no amulet)
HPRegen 0.13/turn               u - ring of flight
MPRegen 0.10/turn               (no ring)

@: flying
A: small, no large weapons, nightstalker 3
a: no special abilities


You were on level 4 of the Dungeon.
You visited 1 branch of the dungeon, and saw 4 of its levels.

You collected 233 gold pieces.

Inventory:

Hand Weapons
 a - a +2 dagger
 k - a +2 dagger of venom (weapon)
Missiles
 d - 22 poisoned darts (quivered)
 e - 2 curare-tipped darts
Armour
 b - a +0 robe (worn)
 c - a +0 cloak (worn)
 m - a +0 pair of boots of stealth (worn)
Jewellery
 u - a ring of flight (left hand)
 x - the ring of Difiruv {Fly rCorr Str+2 Dex-4}
   (You found it on level 4 of the Dungeon)

   [ring of flight]

   Str:       It affects your strength (+2).
   Dex:       It affects your dexterity (-4).
   Fly:       It grants you flight.
   rCorr:     It protects you from acid and corrosion.
Wands
 v - a wand of charming (11)
 w - a wand of flame (9)
Scrolls
 g - a scroll of teleportation
 i - 2 scrolls of immolation
 n - a scroll of fog
 t - 2 scrolls of identify
Potions
 f - 3 potions of cancellation
 h - a potion of mutation {unknown}
 j - a potion of invisibility {unknown}
 l - 2 potions of magic
 o - 2 potions of haste {unknown}
 p - a potion of might {unknown}
 q - 2 potions of heal wounds {unknown}
 r - a potion of degeneration {unknown}
 s - a potion of ambrosia {unknown}


   Skills:
 + Level 3.1 Fighting
 + Level 4.7 Short Blades
 + Level 2.9 Throwing
 + Level 2.3 Dodging
 * Level 10.1 Stealth


You had 6 spell levels left.
You didn't know any spells.
Your spell library was empty.

Dungeon Overview and Level Annotations

Branches:
Dungeon (4/15)
 Temple: D:4-7

Altars:


Innate Abilities, Weirdness & Mutations

You are small and have problems with some larger weapons.
You are completely attuned to the shadows.


Message History

You hear an angry hiss.
You hit the bullfrog skeleton.
The bullfrog skeleton is lightly damaged.
You hear a shout!
The bullfrog skeleton barely misses you.
You hit the orc.
The orc is poisoned.
The orc is moderately wounded.
The orc hits you with a +0 dagger.
An orc comes into view. It is wielding a +0 club.
You kill the orc!
The orc priest mumbles some strange prayers to Beogh against you.
Beogh smites you!
You hear an angry hiss.
The orc priest calls down the wrath of Beogh upon you.
Beogh smites you! The orc hits you with a +0 club.
As you read the scroll of teleportation, it crumbles to dust.
You feel strangely unstable. The orc hits you with a +0 club.
Aiming: Throw Flame
Press: ? - help, Shift-Dir - straight line, f - orc
Aim: an orc, wielding a +0 club and wearing a +0 leather armour (68% to hit)
The puff of flame hits the orc.
The orc is heavily wounded.
The orc priest invokes the aid of Beogh against you.
Beogh smites you!
* * * LOW HITPOINT WARNING * * *
You hear an angry hiss.
Your surroundings suddenly seem different.
You start resting.
A bullfrog skeleton is nearby!
A bullfrog skeleton is nearby!
You are too injured to fight recklessly!
You are too injured to fight recklessly!
The orc priest calls down the wrath of Beogh upon you.
Beogh smites you!
* * * LOW HITPOINT WARNING * * *
You hear a shout! x2
The orc priest calls down the wrath of Beogh upon you.
Beogh smites you!
You die...

........###.......))...#.........
......................##..##.....
##.....####.....#..#.###.####....
#...#..##......#.........#####..
#..##.........###.#.........#...
####..........###.#.............
#...............o........#...
####...........#.............
#........@.##.........#...
#..........##........##...
###.........................
##...........................
#.......................##...
##......................##...
####..................#......
##..............##..##.#..#..#
#................##..##..##..#


You could see an orc priest.

Vanquished Creatures
  Edmund (D:4)
  A black bear (D:4)
  A phantom (D:4)
  A scorpion (D:4)
  Natasha (D:4)
  8 gnolls
  3 adders
  An ufetubus (D:4)
  A dart slug (D:1)
  2 orcs (D:4)
  4 endoplasms
  A giant cockroach (D:3)
  7 goblins
  10 hobgoblins
  10 jackals (D:2)
  6 kobolds
  3 quokkas
  3 ball pythons
  4 bats
  A frilled lizard (D:3)
69 creatures vanquished.

Notes
Turn   | Place    | Note
-------+----------+-------------------------------------------
     0 | D:1      | horus123 the Kobold Brigand began the quest for the Orb.
     0 | D:1      | Reached XP level 1. HP: 12/12 MP: 1/1
   111 | D:1      | Reached XP level 2. HP: 18/18 MP: 2/2
   208 | D:1      | Reached skill level 6 in Stealth
   208 | D:1      | Reached XP level 3. HP: 22/22 MP: 3/3
   741 | D:2      | Found a faded altar of an unknown god.
   855 | D:2      | Reached XP level 4. HP: 27/27 MP: 4/4
   860 | D:2      | Reached skill level 7 in Stealth
  1310 | D:2      | Reached XP level 5. HP: 30/32 MP: 5/5
  1720 | D:2      | Identified a scroll of acquirement
  1722 | D:2      | Acquired a +0 pair of boots of stealth
  2816 | D:4      | Noticed Edmund
  2852 | D:4      | Killed Edmund
  2853 | D:4      | Reached skill level 8 in Stealth
  2853 | D:4      | Reached XP level 6. HP: 13/37 MP: 6/6
  3130 | D:4      | Reached skill level 9 in Stealth
  3377 | D:4      | Reached XP level 7. HP: 41/41 MP: 7/7
  3504 | D:4      | Reached skill level 10 in Stealth
  3517 | D:4      | Identified the ring of Difiruv {Fly rCorr Str+2 Dex-4}
  3565 | D:4      | Noticed Natasha
  3569 | D:4      | Killed Natasha
  3739 | D:4      | Killed from afar by an orc priest

Illustrated notes

Levels and vault maps discovered:
D:1:      ebering_trefoil_twist, layout_basic
D:2:      minmay_wonky_spiral, layout_basic,
          hellmonk_ecumenical_altar_prayer_group
D:3:      layout_basic, amethyst_killhole, chequers_serial_rivers_micro_a
D:4:      layout_cave_pools, uniq_natasha, uniq_edmund

Skill      XL: |  1  2  3  4  5  6  7 |
---------------+----------------------+-----
Short Blades   | 3 4 |  4.7
Stealth        | 6 7 8 9 10 | 10.1
Fighting       | 3 |  3.1
Dodging        | 2 |  2.3
Throwing       | |  2.9

Action                   |  1- 3 |  4- 6 |  7- 9 || total
-------------------------+-------+-------+-------++-------
Melee: Dagger            |    84 |    81 |     7 ||   172
Throw: Dart              |     2 |     9 |       ||    11
Evoke: Wand              |       |       |     1 ||     1
  Use: Scroll            |     3 |     8 |     1 ||    12
 Stab: Sleeping          |     8 |    22 |     5 ||    35
       Distracted        |       |     1 |       ||     1
Armor: Robe              |    11 |     7 |       ||    18
Dodge: Dodged            |    43 |    42 |     1 ||    86

Table legend: (Time is in decaauts)
 A = Elapsed time spent in this place.
 B = Non-inter-level travel time spent in this place.
 C = Inter-level travel time spent in this place.
 D = Time resting spent in this place.
 E = Time spent auto-exploring this place.
 F = Levels seen in this place.
 G = Mean time per level.
                   A        B        C        D        E       F      G
               +--------+--------+--------+--------+--------+-----+--------+
         Total |   3709 |   3648 |     61 |    283 |   2891 |   4 |  927.2 |
       Dungeon |   3709 |   3648 |     61 |    283 |   2891 |   4 |  927.2 |
               +--------+--------+--------+--------+--------+-----+--------+

Top non-repeatable levels by time:
     D:2: 1299 daAuts
     D:4: 945 daAuts
     D:3: 849 daAuts
     D:1: 615 daAuts
